 Dungeon Crawl Stone Soup version 0.31-a0-1236-gaa9e43cceb (webtiles) character file.

Game seed: 9852700977258211573

156 Ivernyr the Shield-Bearer (level 5, -1/42 HPs)
             Began as a Formicid Fighter on Dec 15, 2023.
             Slain by a gnoll
             ... wielding a +0 club
              (5 damage)
             ... on level 3 of the Dungeon.
             The game lasted 00:03:14 (2307 turns).

Ivernyr the Shield-Bearer (Formicid Fighter)        Turns: 2307, Time: 00:03:14

Health: -1/42      AC:  7    Str: 22    XL:     5   Next: 65%
Magic:  5/5        EV:  9    Int:  8    God:
Gold:   229        SH:  5    Dex: 13    Spells: 4/4 levels left

rFire   . . .        a - +0 quarterstaff
rCold   . . .        c - +0 buckler
rNeg    . . .        b - +0 scale mail
rPois   .            (helmet unavailable)
rElec   .            (no cloak)
rCorr   .            (no gloves)
SInv    +            (no boots)
Will    .....        (no amulet) Stlth
                     (no ring)
HPRegen 0.27/turn    (no ring)
MPRegen 0.09/turn

%: no passive effects
@: no status effects
A: permanent stasis, dig shafts and tunnels, antennae 3, four strong arms
a: Dig, Shaft Self


You were on level 3 of the Dungeon.
You visited 1 branch of the dungeon, and saw 4 of its levels.

You collected 229 gold pieces.

Inventory:

Hand Weapons
 a - a +0 quarterstaff (weapon)
Missiles
 o - a throwing net
Armour
 b - a +0 scale mail (worn)
 c - a +0 buckler (worn)
Scrolls
 g - a scroll of teleportation {unknown}
 i - a scroll of vulnerability {unknown}
 j - a scroll of revelation {unknown}
 k - 3 scrolls of identify {unknown}
 l - a scroll of amnesia {unknown}
 m - a scroll of blinking {unknown}
 n - a scroll of noise {unknown}
Potions
 d - a potion of might
 e - 2 potions of lignification {unknown}
 f - 2 potions of haste {unknown}
 h - a potion of mutation {unknown}


   Skills:
 + Level 4.1 Fighting
 * Level 3.7 Staves
 + Level 4.1 Armour
 + Level 4.9 Shields


You had 4 spell levels left.
You didn't know any spells.
Your spell library contained the following spells:

 Spells                   Type           Power      Damage    Failure   Level
 Static Discharge         Conj/Air       0%         3-3/arc   90%         2
 Airstrike                Air            0%         2d(0-16)  100%        4
 Summon Lightning Spire   Summ/Air       0%         N/A       100%        4


Dungeon Overview and Level Annotations

Branches:
Dungeon (4/15)
 Temple: D:4-7

Altars:

Shops:
D:1 :


Innate Abilities, Weirdness & Mutations

You cannot be hasted, slowed, berserked, paralysed or teleported.
You can dig through walls and to a lower floor.
You have a pair of large antennae on your head. (SInv)
Your four strong arms can wield two-handed weapons with a shield.


Message History

You hear a shout!
The gnoll closely misses you. The gnoll barely misses you.
You block the gnoll's attack. The gnoll attacks as it pursues you!
The gnoll hits you from afar with a +0 halberd.
The gnoll attacks as it pursues you! The gnoll barely misses you.
You block the gnoll's attack. The gnoll closely misses you.
You thump the gnoll!
The gnoll is severely wounded.
A gnoll bouda comes into view. It is wielding a +0 whip.
The gnoll hits you from afar with a +0 halberd.
The gnoll barely misses you. x2
You barely miss the gnoll.
The gnoll is severely wounded.
The gnoll closely misses you. The gnoll barely misses you.
The gnoll hits you from afar with a +0 halberd!
The gnoll attacks as it pursues you! The gnoll hits you but does no damage.
The gnoll attacks as it pursues you! The gnoll misses you.
The gnoll attacks as it pursues you!
The gnoll hits you from afar with a +0 halberd.
The gnoll attacks as it pursues you! You block the gnoll's attack.
Found a stone staircase leading up.
There is a stone staircase leading up here.
The gnoll barely misses you.
The gnoll hits you from afar with a +0 halberd!
* * * LOW HITPOINT WARNING * * *
You block the gnoll's attack. The gnoll hits you with a +0 club.
* * * LOW HITPOINT WARNING * * *
The gnoll closely misses you.
There is a stone staircase leading up, spattered with blood here.
The gnoll bouda barks out a call to the hunt!
The gnolls pick up the pace!
The gnoll hits you with a +0 halberd.
* * * LOW HITPOINT WARNING * * *
The gnoll barely misses you. You block the gnoll's attack.
You hear a shout! x2
You climb upwards.
There is a stone staircase leading down here.
The gnoll hits you with a +0 club.
You die...

###### .....##
......## #########
.......# ##...#.g.##
.......###......@>.##
................g...#
.......##...........#
.......##...........#
....).###........>.##
##.......>#...#...##
♣#.....######...###
♣#.....# #...#
♣#.....# #...#


You could see 2 gnolls.

Vanquished Creatures
  7 gnolls (D:3)
  3 adders
  A worm (D:3)
  2 dart slugs
  2 orcs (D:3)
  5 ball pythons
  4 endoplasms
  A giant cockroach (D:3)
  6 goblins
  3 hobgoblins
  6 kobolds
  3 quokkas
  5 bats
  2 frilled lizards (D:1)
  5 rats
55 creatures vanquished.

Notes
Turn   | Place    | Note
-------+----------+-------------------------------------------
     0 | D:1      | Ivernyr the Formicid Fighter began the quest for the Orb.
     0 | D:1      | Reached XP level 1. HP: 18/18 MP: 1/1
    66 | D:1      | Reached XP level 2. HP: 17/24 MP: 2/2
   221 | D:1      | Found Umottile's Book Shop.
   747 | D:2      | Noticed a scorpion
   771 | D:2      | Reached XP level 3. HP: 18/29 MP: 3/3
  1246 | D:2      | Reached XP level 4. HP: 37/37 MP: 4/4
  1568 | D:3      | Reached XP level 5. HP: 30/42 MP: 5/5
  2307 | D:3      | Slain by a gnoll

Illustrated notes

Levels and vault maps discovered:
D:1:      wander_arrival_chamber, layout_loops_ring, serial_shops, shop
D:2:      layout_loops_ring, grunt_ministairs_8, lightli_corner_chamber
D:3:      minmay_wonky_spiral, layout_rooms, kennysheep_generic_room_11
D:4:      layout_basic, trog_three_pillars_becter, uniq_blork_the_orc

Skill      XL: |  1  2  3  4  5 |
---------------+----------------+-----
Staves         | 3 |  3.7
Armour         | 4 |  4.1
Fighting       | 4 |  4.1
Shields        | |  4.9

Action                     |  1- 3 |  4- 6 || total
---------------------------+-------+-------++-------
  Melee: Quarterstaff      |    74 |   108 ||   182
 Armour: Scale mail        |    51 |    81 ||   132
  Dodge: Dodged            |    22 |    61 ||    83
  Block: Buckler           |    21 |    26 ||    47

Table legend: (Time is in decaauts)
 A = Elapsed time spent in this place.
 B = Non-inter-level travel time spent in this place.
 C = Inter-level travel time spent in this place.
 D = Time resting spent in this place.
 E = Time spent auto-exploring this place.
 F = Levels seen in this place.
 G = Mean time per level.
                   A        B        C        D        E       F      G
               +--------+--------+--------+--------+--------+-----+--------+
         Total |   2340 |   2302 |     38 |    108 |   1679 |   4 |  585.0 |
       Dungeon |   2340 |   2302 |     38 |    108 |   1679 |   4 |  585.0 |
               +--------+--------+--------+--------+--------+-----+--------+

Top non-repeatable levels by time:
     D:3: 911 daAuts
     D:2: 694 daAuts
     D:1: 677 daAuts
     D:4: 56 daAuts
